 Dungeon Crawl Stone Soup version 0.28-a0-1504-g839a4452db (webtiles) character file.

Game seed: 351874521833006623

259 Essalna the Firebug (level 5, -4/35 HPs)
             Began as a Demonspawn Fire Elementalist on Jan 13, 2022.
             Slain by a black bear (6 damage)
             ... on level 4 of the Dungeon.
             The game lasted 00:05:07 (3858 turns).

Essalna the Firebug (Demonspawn Fire Elementalist)  Turns: 3858, Time: 00:05:08

Health: -4/35      AC:  3    Str:  8    XL:     5   Next: 95%
Magic:  10/10      EV: 12    Int: 19    God:
Gold:   99         SH:  0    Dex: 13    Spells: 8/11 levels left

rFire   . . .      SeeInvis .   c - +0 dagger
rCold   . . .      Faith    .   (no shield)
rNeg    . . .      Spirit   .   a - +0 robe
rPois   .          Reflect  .   (helmet restricted)
rElec   .          Harm     .   g - +0 cloak
rCorr   .          Rampage  .   (no gloves)
Will    .....                   (no boots)
Stlth   ++........              (no amulet)
HPRegen 0.11/turn               (no ring)
MPRegen 0.12/turn               (no ring)

@: no status effects
A: horns 2, spiny 1
a: no special abilities


You were on level 4 of the Dungeon.
You visited 1 branch of the dungeon, and saw 4 of its levels.

You collected 99 gold pieces.

Inventory:

Hand Weapons
 c - a +0 dagger (weapon)
Missiles
 l - a throwing net
Armour
 a - a +0 robe (worn)
 g - a +0 cloak (worn)
Scrolls
 e - a scroll of fog {unknown}
 f - 7 scrolls of identify {unknown}
 i - a scroll of amnesia {unknown}
 j - a scroll of summoning {unknown}
 m - 2 scrolls of vulnerability {unknown}
Potions
 b - a potion of invisibility {unknown}
 d - a potion of resistance {unknown}
 h - a potion of attraction {unknown}
 k - a potion of mutation {unknown}


   Skills:
 - Level 1.7 Dodging
 - Level 1.7 Stealth
 + Level 3.6 Spellcasting
 + Level 3.4 Conjurations
 + Level 4.1 Fire Magic


You had 8 spell levels left.
You knew the following spells:

 Your Spells              Type           Power      Damage    Failure   Level
a - Foxfire               Conj/Fire      68%        2x1d7     3%          1
b - Scorch                Fire           38%        2d7       4%          2

Your spell library contained the following spells:

 Spells                   Type           Power      Damage    Failure   Level
 Conjure Flame            Conj/Fire      17%        6-21      9%          3
 Sandblast                Erth           6%         2d5       14%         1
 Inner Flame              Hex/Fire       11%        N/A       19%         3
 Passwall                 Tmut/Erth      2%         N/A       22%         2
 Stone Arrow              Conj/Erth      20%        3d8       22%         3
 Flame Wave               Conj/Fire      17%        2d5       30%         4
 Gell's Gravitas          Tloc           3%         N/A       38%         3
 Lesser Beckoning         Tloc           3%         N/A       38%         3
 Teleport Other           Tloc           3%         N/A       38%         3


Dungeon Overview and Level Annotations

Branches:
Dungeon (4/15)
 Temple: D:4-7

Altars:

Shops:
D:1 *

Annotations:
D:3 1 runed translucent door, Nattfarinn's ghost, amateur KoBr


Innate Abilities, Weirdness & Mutations

You have a pair of horns on your head.
You are partially covered in sharp spines.


Message History

The black bear is struck by your spines.
The black bear bites you but does no damage.
The black bear claws you but does no damage.
The black bear closely misses you.
The hound skeleton is struck by your spines.
The hound skeleton barely misses you. The hound skeleton closely misses you.
The black bear closely misses you.
The black bear claws you but does no damage.
The black bear claws you.
The hound skeleton is struck by your spines.
The hound skeleton closely misses you. The black bear completely misses you.
The black bear claws you. x2
The hound skeleton closely misses you. The black bear barely misses you.
The black bear claws you but does no damage.
The black bear claws you.
The hound skeleton is struck by your spines.
The hound skeleton completely misses you.
The hound skeleton barely misses you.
The black bear bites you but does no damage.
The black bear claws you but does no damage.
The black bear claws you.
The hound skeleton bites you but does no damage.
The black bear bites you. The black bear claws you. x2
The hound skeleton is struck by your spines.
The hound skeleton bites you.
* * * LOW HITPOINT WARNING * * *
The black bear bites you.
* * * LOW HITPOINT WARNING * * *
The black bear misses you. The black bear claws you.
* * * LOW HITPOINT WARNING * * *
The hound skeleton is struck by your spines.
You destroy the hound skeleton!
The black bear bites you.
* * * LOW HITPOINT WARNING * * *
The black bear barely misses you. x2
The black bear barely misses you. The black bear claws you.
* * * LOW HITPOINT WARNING * * *
The black bear closely misses you. The black bear bites you.
You die...

#. ......
#.###.#.#..
..#........
.......#..
###.........
..........#
######..h.....#
.......@......#
....###.......# .
#.......#
#...##..#.#
..###...##..#.#
.............#.#
...###...#...#.#
. #^#.#...#.#
#.#.....#.#####.#


You could see a black bear.

Vanquished Creatures
  Eustachio (D:4)
  Crazy Yiuf (D:2)
  A hound skeleton (D:4)
  2 adders
  An adder skeleton (D:4)
  A worm (D:1)
  2 dart slugs
  4 endoplasms
  A giant cockroach (D:1)
  5 goblins
  6 hobgoblins
  4 jackals (D:2)
  A quokka (D:1)
  5 ball pythons
  4 bats
  2 frilled lizards (D:1)
  4 kobolds
  5 rats
50 creatures vanquished.

Vanquished Creatures (others)
  125 foxfires
125 creatures vanquished.

Grand Total: 175 creatures vanquished

Notes
Turn   | Place    | Note
-------+----------+-------------------------------------------
     0 | D:1      | Essalna the Demonspawn Fire Elementalist began the quest
                  | for the Orb.
     0 | D:1      | Reached XP level 1. HP: 13/13 MP: 3/3
    55 | D:1      | Found Wihan's General Store.
   399 | D:1      | Found a faded altar of an unknown god.
   482 | D:1      | Gained mutation: You are partially covered in sharp spines.
                  | [demonic ancestry]
   482 | D:1      | Reached XP level 2. HP: 16/19 MP: 0/5
   820 | D:1      | Reached skill level 3 in Fire Magic
  1590 | D:1      | Reached XP level 3. HP: 8/24 MP: 0/6
  2464 | D:2      | Found a runed translucent door.
  2465 | D:2      | Noticed Crazy Yiuf
  2479 | D:2      | Learned a level 2 spell: Scorch
  2490 | D:2      | Killed Crazy Yiuf
  2491 | D:2      | Gained mutation: You have a pair of small horns on your
                  | head. [demonic ancestry]
  2491 | D:2      | Reached XP level 4. HP: 30/30 MP: 1/8
  3196 | D:3      | Found a runed translucent door.
  3196 | D:3      | Noticed Nattfarinn's ghost (amateur KoBr)
  3640 | D:4      | Noticed Eustachio
  3647 | D:4      | Killed Eustachio
  3648 | D:4      | Reached skill level 4 in Fire Magic
  3648 | D:4      | Gained mutation: You have a pair of horns on your head.
                  | [demonic ancestry]
  3648 | D:4      | Reached XP level 5. HP: 27/35 MP: 0/10
  3843 | D:4      | Noticed a black bear
  3857 | D:4      | HP: 1/35 [black bear (1)]
  3858 | D:4      | Slain by a black bear

Illustrated notes

Levels and vault maps discovered:
D:1:      dpeg_arrival_tiny_f, layout_loops_ring,
          chequers_ecumenical_altar_simple, serial_shops, nicolae_square_shop,
          nrook_mini_backslash
D:2:      layout_loops_cross, chequers_serial_rivers_micro_b,
          minmay_pentomino_t4, uniq_crazy_yiuf_cottage
D:3:      layout_basic, gammafunk_ghost_grave, minivault_19
D:4:      layout_basic, grunt_dithmenos_smoke,
          mainiacjoe_overflow_six_doors_small, ebering_ghost_rock_garden,
          uniq_menkaure, uniq_eustachio

Skill      XL: |  1  2  3  4 |
---------------+-------------+-----
Fire Magic     | 3 4 |  4.1
Conjurations   | 2 3 |  3.4
Spellcasting   | 3 |  3.6
Dodging        | |  1.7
Stealth        | |  1.7

Action                   |  1- 3 |  4- 6 || total
-------------------------+-------+-------++-------
Melee: Unarmed           |    18 |       ||    18
       Dagger            |    40 |     6 ||    46
       Punch             |     1 |       ||     1
       Headbutt          |       |     1 ||     1
 Cast: Foxfire           |    52 |    24 ||    76
       Scorch            |     2 |     6 ||     8
 Stab: Sleeping          |     2 |       ||     2
Armor: Robe              |     9 |    13 ||    22
Dodge: Dodged            |    38 |    31 ||    69

Table legend: (Time is in decaauts)
 A = Elapsed time spent in this place.
 B = Non-inter-level travel time spent in this place.
 C = Inter-level travel time spent in this place.
 D = Time resting spent in this place.
 E = Time spent auto-exploring this place.
 F = Levels seen in this place.
 G = Mean time per level.
                   A        B        C        D        E       F      G
               +--------+--------+--------+--------+--------+-----+--------+
         Total |   3858 |   3762 |     96 |      0 |   3265 |   4 |  964.5 |
       Dungeon |   3858 |   3762 |     96 |      0 |   3265 |   4 |  964.5 |
               +--------+--------+--------+--------+--------+-----+--------+

Top non-repeatable levels by time:
     D:1: 1775 daAuts
     D:2: 1086 daAuts
     D:3: 601 daAuts
     D:4: 394 daAuts
